 Dungeon Crawl Stone Soup version 0.18.1-48-g4cf74bf (webtiles) character file.

78 Metae the Digger (level 4, -3/35 HPs)
             Began as a Draconian Earth Elementalist on July 1, 2016.
             Killed from afar by Metae's ghost (8 damage)
             ... with a puff of flame
             ... on level 3 of the Dungeon.
             The game lasted 00:21:17 (2672 turns).

Metae the Digger (Draconian Earth Elementalist)     Turns: 2672, Time: 00:21:18

Health: -3/35      AC:  7    Str: 10    XL:     4   Next: 15%
Magic:  0/8        EV: 12    Int: 17    God:
Gold:   58         SH:  0    Dex: 11    Spells: 3 memorised, 3 levels left

rFire  . . .     SeeInvis +     v - staff of cold
rCold  + . .     Gourm    .     (armour unavailable)
rNeg   . . .     Faith    .     (no shield)
rPois  .         Spirit   +     n - +0 hat
rElec  .         Dismiss  .     x - +0 cloak
rCorr  .         Reflect  .     (no gloves)
SustAt .         Harm     .     y - +0 pair of boots
MR     .....                    m - amulet of guardian spirit
Stlth  ++........               u - ring of see invisible
                                s - ring of wizardry

@: not resistant to hostile enchantments, unstealthy
A: unfitting armour, cold-blooded, AC +5
a: no special abilities


You were on level 3 of the Dungeon.
You were not hungry.

You visited 1 branch of the dungeon, and saw 3 of its levels.

You collected 58 gold pieces.

Inventory:

Hand Weapons
 d - a +0 short sword
Missiles
 f - 26 stones (quivered)
Armour
 n - a +0 hat (worn)
 x - a +0 cloak (worn)
 y - a +0 pair of boots (worn)
Magical Staves
 v - an uncursed staff of cold (weapon)
Jewellery
 h - an uncursed amulet of magic regeneration
 m - an amulet of guardian spirit (around neck)
 s - a ring of wizardry (left hand)
 u - a ring of see invisible (right hand)
Scrolls
 a - a scroll of random uselessness {unknown}
 g - a scroll of identify
 j - 2 scrolls of teleportation
 o - a scroll of enchant weapon {unknown}
 w - a scroll of enchant armour {unknown}
Potions
 e - 3 potions of brilliance {unknown}
 i - a potion of heal wounds {unknown}
 l - a potion of mutation {unknown}
 q - a potion of curing {unknown}
Books
 b - a book of Geomancy

   Spells                             Type                      Level
   a - Sandblast                      Earth                        1
   b - Passwall                       Transmutation/Earth          2
   c - Stone Arrow                    Conjuration/Earth            3
   d - Petrify                        Transmutation/Earth          4
   e - Lee's Rapid Deconstruction     Earth                        5
 p - a book of Conjurations

   Spells                             Type                      Level
   a - Magic Dart                     Conjuration                  1
   b - Searing Ray                    Conjuration                  2
   c - Dazzling Spray                 Conjuration/Hexes            3
   d - Fulminant Prism                Conjuration/Hexes            4
   e - Iskenderun's Mystic Blast      Conjuration                  4
   f - Iskenderun's Battlesphere      Conjuration/Charms           5
Comestibles
 c - 3 bread rations
 r - 3 meat rations
 t - a chunk of flesh


   Skills:
 + Level 1.3 Fighting
 - Level 0.2 Short Blades
 * Level 0.0 Staves
 + Level 2.2 Dodging
 + Level 2.2 Stealth
 - Level 0.2 Unarmed Combat
 * Level 2.7 Spellcasting
 + Level 0.2 Conjurations
   Level 1.0 Transmutations
 * Level 3.5 Earth Magic
 + Level 0.0 Evocations


You had 3 spell levels left.
You knew the following spells:

 Your Spells              Type           Power        Failure   Level  Hunger
a - Sandblast             Erth           ##....       1%          1    #......
b - Stone Arrow           Conj/Erth      #.....       10%         3    ###....
c - Magic Dart            Conj           #...         9%          1    #......


Dungeon Overview and Level Annotations

Branches:
Dungeon (3/15)

Altars:
Kikubaaqudgha
Makhleb

Annotations:
D:3 Metae's ghost, amateur DEFE


Innate Abilities, Weirdness & Mutations

Your plain brown scales are hard (AC +5).
Your body does not fit into most forms of armour.
You are cold-blooded and may be slowed by cold attacks.


Message History

Metae's ghost is moderately damaged.
Metae's ghost gestures at you while chanting.
The flame tongue misses you.
You hit Metae's ghost.
Metae's ghost is moderately damaged.
Metae's ghost barely misses you.
You hit Metae's ghost.
You tail-slap Metae's ghost, but do no damage.
Metae's ghost is heavily damaged.
Metae's ghost points at you and mumbles some strange words.
The flame tongue hits you!
* * * LOW HITPOINT WARNING * * *
You hit Metae's ghost.
Your tail-slap misses Metae's ghost.
Metae's ghost is heavily damaged.
Metae's ghost hits you but does no damage. x2
You completely miss Metae's ghost.
Metae's ghost is heavily damaged.
Metae's ghost gestures at you while chanting.
The puff of flame hits you!
You die...

.#.#.#.#.#.#.#.#.#.#.#.#.#.#.####
#.#.#.#.#.#.#.#.#.#.#.#.#.#.#....
.#.#.#.#.#.#.#.#.#.#.#.#.#.#.####
#.#.#.#.#.#.#.#.#.#.....#.#.#....
.#.#.#.#.#.#.#.#.#.....<.#.#>####
#.#.#.#.#.#.#.#.#.#.....#.#.#.#
.#.#.#.#.#.#.#.#.#..?.W..#.#.##
#.#.#.#.#.#.#.#.#W#.#.#.#.#.#.#
.#.#.#.#.#.#.#.#@#..$...$#.#.##
#.#.#.#.#.#.#.#%#.#.......#.#.#
.....#.#.#.#.#.#.#.......#.#.##
....#.#.........#.#.......#.#.#
....###.........###......######
##### #.........# ##.#####
#.........# # ########### ####


You could see Metae's ghost.

Vanquished Creatures
  Ijyb (D:2)
  An adder (D:2)
  3 dart slugs
  3 giant geckos
  An orc (D:3)
  6 giant cockroaches
  7 goblins
  2 hobgoblins
  2 bats (D:2)
  A giant newt (D:1)
  5 kobolds
  5 rats
37 creatures vanquished.

Notes
Turn   | Place    | Note
--------------------------------------------------------------
     0 | D:1      | Metae the Draconian Earth Elementalist began the quest for the Orb.
     0 | D:1      | Reached XP level 1. HP: 14/14 MP: 3/3
   233 | D:1      | Reached XP level 2. HP: 20/22 MP: 0/5
  1174 | D:2      | Noticed Ijyb
  1224 | D:2      | Killed Ijyb
  1224 | D:2      | Reached XP level 3. HP: 15/27 MP: 2/6
  1314 | D:2      | Learned a level 3 spell: Stone Arrow
  1518 | D:2      | Reached skill level 1 in Fighting
  1599 | D:3      | Noticed Metae's ghost (amateur DEFE)
  1825 | D:3      | Learned a level 1 spell: Magic Dart
  2217 | D:2      | Reached XP level 4. HP: 20/35 MP: 0/8
  2420 | D:3      | Found an ancient bone altar of Kikubaaqudgha.
  2420 | D:3      | Found a burning altar of Makhleb.
  2672 | D:3      | Killed from afar by Metae's ghost

Skill      XL: |  1  2  3 |
---------------+----------+-----
Dodging        | 2 |  2.2
Stealth        | 2 |  2.2
Fighting       | 1 |  1.3
Short Blades   | |  0.2
Unarmed Combat | |  0.2
Spellcasting   | |  2.7
Conjurations   | |  0.2
Transmutations | |  1.0
Earth Magic    | |  3.5

Action                   |  1- 3 |  4- 6 || total
-------------------------+-------+-------++-------
Melee: Short sword       |    79 |     8 ||    87
       Unarmed           |     4 |       ||     4
       Tailslap          |    10 |     4 ||    14
       Staff             |       |    11 ||    11
 Cast: Sandblast         |    53 |    10 ||    63
       Stone Arrow       |     3 |     4 ||     7
       Magic Dart        |     2 |     7 ||     9
  Use: Scroll            |     4 |     2 ||     6
  Eat: Chunk             |     3 |       ||     3
       Bread ration      |     1 |       ||     1
Armor: Skin              |    40 |     5 ||    45
Dodge: Dodged            |    70 |    18 ||    88
